[ AOE2 MATCH · #472762863 ]
UnrankedTurks vs Huns
[ REPLAY ANALYSIS · EXTRACTED FROM THE RECORDED GAME ]
Feudal
11:27
Castle
15:24
Imperial
30:32
| APM avg | 23.9 |
| APM peak | 48 |
| eAPM avg | 17.6 |
| Villagers / military | 115 / 822 |
Focus
⚔️ 39.8% · 🌾 60.2%
Hand Cannoneer ×229 · Skirmisher ×228 · Scout Cavalry ×174 · Camel Scout ×114 · Knight ×55 · Bombard Cannon ×21
Feudal
15:08
Castle
22:06
Imperial
31:21
| APM avg | 12.9 |
| APM peak | 32 |
| eAPM avg | 11.2 |
| Villagers / military | 104 / 310 |
Focus
⚔️ 45.6% · 🌾 54.4%
Scout Cavalry ×181 · Knight ×129 · Trade Cart ×9 · Fishing Ship ×4
Feudal
12:35
Castle
16:31
Imperial
31:21
| APM avg | 30.1 |
| APM peak | 60 |
| eAPM avg | 22.1 |
| Villagers / military | 189 / 933 |
Focus
⚔️ 36.6% · 🌾 63.4%
Spearman ×697 · Militia ×144 · Bombard Cannon ×91 · Trade Cart ×39 · Monk ×1
Feudal
11:03
Castle
17:29
Imperial
31:12
| APM avg | 15.7 |
| APM peak | 37 |
| eAPM avg | 11.8 |
| Villagers / military | 90 / 67 |
Focus
⚔️ 31.9% · 🌾 68.1%
Unknown (882) ×344 · Trade Cart ×91 · Genoese Crossbowman ×64 · Trebuchet (Packed) ×3
Feudal
14:39
Castle
18:34
Imperial
33:01
| APM avg | 25.3 |
| APM peak | 67 |
| eAPM avg | 16.0 |
| Villagers / military | 201 / 203 |
Focus
⚔️ 30.4% · 🌾 69.6%
Archer ×95 · Spearman ×50 · Skirmisher ×39 · Mangonel ×13 · Longbowman ×3 · Trebuchet (Packed) ×3
Feudal
14:43
Castle
19:16
Imperial
33:30
| APM avg | 18.9 |
| APM peak | 53 |
| eAPM avg | 12.3 |
| Villagers / military | 105 / 509 |
Focus
⚔️ 35.6% · 🌾 64.4%
Skirmisher ×213 · Boyar ×170 · Spearman ×120 · Trade Cart ×6 · Trebuchet (Packed) ×5 · Monk ×1
Feudal
11:53
Castle
16:18
Imperial
31:26
| APM avg | 41.0 |
| APM peak | 89 |
| eAPM avg | 24.5 |
| Villagers / military | 232 / 492 |
Focus
⚔️ 40.2% · 🌾 59.8%
Scout Cavalry ×323 · Hand Cannoneer ×139 · Bombard Cannon ×24 · Trade Cart ×23 · Fishing Ship ×8 · Camel Scout ×4
Feudal
12:19
Castle
16:23
Imperial
30:11
| APM avg | 24.6 |
| APM peak | 52 |
| eAPM avg | 18.5 |
| Villagers / military | 171 / 378 |
Focus
⚔️ 46.5% · 🌾 53.5%
Unknown (882) ×327 · Spearman ×286 · Battering Ram ×88 · Trade Cart ×36 · Trebuchet (Packed) ×2 · Monk ×1
Match map
Initial resources + every placement click. Lines = walls · curves = elevation contours. ◆ gold · ⬟ stone · ● berries · ✦ relic · ◌ wall gap
Inputs per minute
— Zx0mB0Y - - 602406569
Build order — Zx0mB0Y
First 150 of 602 actions detected
| 0:03 | Create | Villager (Male) |
| 0:03 | Create | Villager (Male) |
| 0:03 | Create | Villager (Male) |
| 0:03 | Create | Villager (Male) |
| 0:05 | Build | House |
| 0:10 | Build | House |
| 1:48 | Create | Villager (Male) |
| 2:06 | Create | Villager (Male) |
| 2:07 | Create | Villager (Male) |
| 2:35 | Create | Villager (Male) |
| 2:36 | Create | Villager (Male) |
| 2:36 | Create | Villager (Male) |
| 2:46 | Build | Lumber Camp |
| 3:06 | Create | Villager (Male) |
| 3:07 | Create | Villager (Male) |
| 3:38 | Build | House |
| 3:46 | Create | Villager (Male) |
| 3:46 | Create | Villager (Male) |
| 3:47 | Create | Villager (Male) |
| 4:35 | Create | Villager (Male) |
| 4:35 | Create | Villager (Male) |
| 4:50 | Create | Villager (Male) |
| 4:50 | Create | Villager (Male) |
| 5:18 | Create | Villager (Male) |
| 5:19 | Create | Villager (Male) |
| 5:31 | Build | House |
| 6:40 | Create | Villager (Male) |
| 6:41 | Create | Villager (Male) |
| 6:41 | Create | Villager (Male) |
| 6:41 | Create | Villager (Male) |
| 6:41 | Create | Villager (Male) |
| 6:53 | Create | Villager (Male) |
| 6:53 | Create | Villager (Male) |
| 6:53 | Create | Villager (Male) |
| 6:53 | Create | Villager (Male) |
| 7:16 | Build | Mill |
| 8:29 | Build | Mining Camp |
| 9:15 | Research | Feudal Age |
| 10:02 | Build | House |
| 11:23 | Create | Villager (Male) |
| 11:23 | Create | Villager (Male) |
| 11:27 | Age | Feudal Age |
| 11:37 | Build | Blacksmith |
| 11:48 | Build | Market |
| 12:44 | Research | Castle Age |
| 12:45 | Research | Castle Age |
| 12:45 | Research | Castle Age |
| 13:04 | Research | Double-Bit Axe |
| 15:18 | Create | Villager (Male) |
| 15:18 | Create | Villager (Male) |
| 15:24 | Age | Castle Age |
| 15:27 | Build | Town Center |
| 15:39 | Build | House |
| 15:40 | Build | House |
| 15:46 | Research | Bow Saw |
| 16:11 | Build | Monastery |
| 16:17 | Create | Villager (Male) |
| 16:17 | Create | Villager (Male) |
| 16:18 | Create | Villager (Male) |
| 16:18 | Create | Villager (Male) |
| 16:18 | Create | Villager (Male) |
| 16:54 | Build | Town Center |
| 17:04 | Create | Villager (Male) |
| 17:04 | Create | Villager (Male) |
| 17:13 | Build | House |
| 17:14 | Build | House |
| 17:18 | Build | Farm |
| 17:19 | Build | Farm |
| 17:19 | Build | Farm |
| 17:19 | Build | Farm |
| 17:19 | Build | Farm |
| 17:19 | Build | Farm |
| 17:20 | Build | Farm |
| 18:04 | Build | Farm |
| 18:04 | Build | Farm |
| 18:05 | Build | Farm |
| 18:05 | Build | Farm |
| 18:05 | Build | Farm |
| 18:05 | Build | Farm |
| 18:14 | Create | Villager (Male) |
| 18:15 | Create | Villager (Male) |
| 18:15 | Create | Villager (Male) |
| 18:34 | Build | House |
| 18:35 | Build | House |
| 18:35 | Build | House |
| 18:56 | Create | Villager (Male) |
| 18:57 | Create | Villager (Male) |
| 19:03 | Build | Farm |
| 19:03 | Build | Farm |
| 19:03 | Build | Farm |
| 19:09 | Build | Farm |
| 19:10 | Build | Farm |
| 19:10 | Build | Farm |
| 19:10 | Build | Farm |
| 19:10 | Build | Farm |
| 19:10 | Build | Farm |
| 19:11 | Build | Farm |
| 19:17 | Create | Villager (Male) |
| 19:18 | Create | Villager (Male) |
| 19:31 | Create | Monk |
| 19:38 | Build | House |
| 19:39 | Build | House |
| 19:40 | Build | House |
| 19:50 | Build | Farm |
| 19:50 | Build | Farm |
| 19:50 | Build | Farm |
| 19:51 | Build | Farm |
| 19:51 | Build | Farm |
| 19:56 | Create | Villager (Male) |
| 19:56 | Create | Villager (Male) |
| 19:57 | Create | Villager (Male) |
| 20:02 | Create | Villager (Male) |
| 20:02 | Create | Villager (Male) |
| 20:22 | Build | Farm |
| 20:23 | Build | Farm |
| 20:23 | Build | Farm |
| 20:23 | Build | Farm |
| 20:23 | Build | Farm |
| 20:23 | Build | Farm |
| 20:49 | Create | Villager (Male) |
| 20:49 | Create | Villager (Male) |
| 20:54 | Create | Villager (Male) |
| 20:54 | Create | Villager (Male) |
| 21:07 | Build | Farm |
| 21:07 | Build | Farm |
| 21:08 | Build | Farm |
| 21:08 | Build | Farm |
| 21:08 | Build | Farm |
| 21:19 | Create | Villager (Male) |
| 21:19 | Create | Villager (Male) |
| 21:19 | Create | Villager (Male) |
| 21:39 | Build | Barracks |
| 21:45 | Create | Villager (Male) |
| 21:45 | Create | Villager (Male) |
| 21:57 | Create | Villager (Male) |
| 21:57 | Create | Villager (Male) |
| 22:13 | Build | Farm |
| 22:14 | Build | Farm |
| 22:14 | Build | Farm |
| 22:14 | Build | Farm |
| 22:14 | Build | Farm |
| 22:15 | Build | Farm |
| 22:28 | Research | Horse Collar |
| 22:42 | Create | Villager (Male) |
| 22:42 | Create | Villager (Male) |
| 22:42 | Create | Villager (Male) |
| 22:46 | Create | Villager (Male) |
| 22:46 | Create | Villager (Male) |
| 22:50 | Create | Villager (Male) |
| 22:51 | Create | Villager (Male) |
Build order — 602406569
First 150 of 460 actions detected
| 0:03 | Research | Loom |
| 0:04 | Create | Villager (Male) |
| 0:05 | Create | Villager (Male) |
| 0:05 | Create | Villager (Male) |
| 0:05 | Create | Villager (Male) |
| 0:05 | Create | Villager (Male) |
| 0:06 | Create | Villager (Male) |
| 2:11 | Create | Villager (Male) |
| 2:18 | Build | Mill |
| 3:48 | Create | Villager (Male) |
| 3:48 | Create | Villager (Male) |
| 3:48 | Create | Villager (Male) |
| 3:49 | Create | Villager (Male) |
| 3:49 | Create | Villager (Male) |
| 3:49 | Create | Villager (Male) |
| 4:52 | Create | Villager (Male) |
| 4:53 | Create | Villager (Male) |
| 4:53 | Create | Villager (Male) |
| 4:53 | Create | Villager (Male) |
| 5:48 | Create | Villager (Male) |
| 5:48 | Create | Villager (Male) |
| 5:49 | Create | Villager (Male) |
| 5:49 | Create | Villager (Male) |
| 5:50 | Create | Villager (Male) |
| 6:30 | Create | Villager (Male) |
| 6:30 | Create | Villager (Male) |
| 6:30 | Create | Villager (Male) |
| 6:30 | Create | Villager (Male) |
| 6:56 | Build | Mill |
| 7:24 | Create | Villager (Male) |
| 7:24 | Create | Villager (Male) |
| 7:24 | Create | Villager (Male) |
| 7:25 | Create | Villager (Male) |
| 7:25 | Create | Villager (Male) |
| 7:25 | Create | Villager (Male) |
| 7:25 | Create | Villager (Male) |
| 7:59 | Create | Villager (Male) |
| 8:00 | Create | Villager (Male) |
| 8:00 | Create | Villager (Male) |
| 8:01 | Create | Villager (Male) |
| 8:01 | Create | Villager (Male) |
| 8:01 | Create | Villager (Male) |
| 8:11 | Build | Lumber Camp |
| 8:47 | Create | Villager (Male) |
| 8:48 | Create | Villager (Male) |
| 8:48 | Create | Villager (Male) |
| 9:55 | Build | Mining Camp |
| 10:48 | Build | Mining Camp |
| 11:02 | Research | Feudal Age |
| 12:03 | Build | Dock |
| 12:57 | Create | Fishing Ship |
| 12:57 | Create | Fishing Ship |
| 12:57 | Create | Fishing Ship |
| 12:58 | Create | Fishing Ship |
| 13:42 | Create | Villager (Male) |
| 14:42 | Build | Farm |
| 14:44 | Build | Farm |
| 14:47 | Build | Farm |
| 14:50 | Build | Farm |
| 15:08 | Age | Feudal Age |
| 15:12 | Research | Horse Collar |
| 15:18 | Research | Double-Bit Axe |
| 15:31 | Build | Farm |
| 15:33 | Build | Farm |
| 15:36 | Build | Farm |
| 15:37 | Build | Farm |
| 15:38 | Build | Farm |
| 15:41 | Create | Villager (Male) |
| 15:41 | Create | Villager (Male) |
| 15:42 | Create | Villager (Male) |
| 15:42 | Create | Villager (Male) |
| 15:42 | Create | Villager (Male) |
| 15:43 | Create | Villager (Male) |
| 15:43 | Create | Villager (Male) |
| 16:17 | Build | Barracks |
| 16:27 | Build | Farm |
| 16:31 | Build | Farm |
| 16:37 | Build | Farm |
| 16:50 | Build | Farm |
| 17:05 | Build | Farm |
| 17:13 | Create | Villager (Male) |
| 17:14 | Create | Villager (Male) |
| 17:35 | Build | Market |
| 18:05 | Build | Blacksmith |
| 18:46 | Build | Farm |
| 18:56 | Build | Farm |
| 19:07 | Build | Stable |
| 19:24 | Research | Castle Age |
| 19:32 | Build | Farm |
| 19:41 | Research | Gold Mining |
| 19:42 | Research | Stone Mining |
| 19:49 | Research | Forging |
| 20:27 | Build | Archery Range |
| 21:28 | Research | Bloodlines |
| 21:40 | Build | Stable |
| 21:45 | Create | Villager (Male) |
| 21:45 | Create | Villager (Male) |
| 22:06 | Age | Castle Age |
| 22:15 | Research | Husbandry |
| 22:20 | Create | Villager (Male) |
| 22:20 | Create | Villager (Male) |
| 22:20 | Create | Villager (Male) |
| 22:21 | Create | Villager (Male) |
| 22:21 | Create | Villager (Male) |
| 22:21 | Create | Villager (Male) |
| 22:39 | Build | Lumber Camp |
| 22:50 | Build | Town Center |
| 23:13 | Build | Town Center |
| 23:46 | Create | Knight |
| 23:46 | Create | Knight |
| 23:46 | Create | Knight |
| 23:47 | Create | Knight |
| 23:47 | Create | Knight |
| 23:47 | Create | Knight |
| 23:47 | Create | Knight |
| 23:48 | Create | Knight |
| 23:48 | Create | Knight |
| 24:11 | Build | Fish Trap |
| 24:16 | Build | Fish Trap |
| 24:23 | Build | Fish Trap |
| 24:35 | Build | Farm |
| 24:37 | Build | Farm |
| 24:39 | Build | Farm |
| 24:41 | Build | Farm |
| 24:43 | Build | Farm |
| 24:46 | Build | Farm |
| 25:04 | Build | Castle |
| 25:13 | Create | Villager (Male) |
| 25:14 | Create | Villager (Male) |
| 25:14 | Create | Villager (Male) |
| 25:14 | Create | Villager (Male) |
| 25:42 | Build | Farm |
| 25:43 | Build | Farm |
| 25:45 | Build | Farm |
| 25:47 | Build | Farm |
| 25:49 | Build | Farm |
| 25:51 | Build | Farm |
| 25:53 | Build | Farm |
| 25:56 | Build | Farm |
| 25:59 | Build | Farm |
| 26:00 | Build | Farm |
| 26:06 | Create | Villager (Male) |
| 26:06 | Create | Villager (Male) |
| 26:07 | Create | Villager (Male) |
| 26:07 | Create | Villager (Male) |
| 26:07 | Create | Villager (Male) |
| 26:08 | Create | Villager (Male) |
| 26:08 | Create | Villager (Male) |
| 26:08 | Create | Villager (Male) |
| 26:08 | Create | Villager (Male) |
Build order — 转世
First 150 of 749 actions detected
| 0:04 | Build | House |
| 0:06 | Build | House |
| 0:06 | Create | Villager (Male) |
| 0:06 | Create | Villager (Male) |
| 0:07 | Create | Villager (Male) |
| 0:18 | Research | Loom |
| 0:33 | Create | Villager (Male) |
| 0:33 | Create | Villager (Male) |
| 0:34 | Create | Villager (Male) |
| 0:35 | Create | Villager (Male) |
| 1:24 | Build | Palisade Wall |
| 1:46 | Build | Palisade Wall |
| 2:24 | Create | Villager (Male) |
| 2:25 | Create | Villager (Male) |
| 2:41 | Create | Villager (Male) |
| 2:41 | Create | Villager (Male) |
| 2:54 | Build | Lumber Camp |
| 3:10 | Create | Villager (Male) |
| 3:10 | Create | Villager (Male) |
| 3:37 | Create | Villager (Male) |
| 3:37 | Create | Villager (Male) |
| 4:09 | Create | Villager (Male) |
| 4:10 | Create | Villager (Male) |
| 4:23 | Build | House |
| 4:32 | Create | Villager (Male) |
| 5:00 | Create | Villager (Male) |
| 5:24 | Create | Villager (Male) |
| 5:24 | Create | Villager (Male) |
| 5:34 | Build | Mill |
| 5:50 | Create | Villager (Male) |
| 6:00 | Build | House |
| 6:11 | Create | Villager (Male) |
| 6:48 | Create | Villager (Male) |
| 6:48 | Create | Villager (Male) |
| 6:48 | Create | Villager (Male) |
| 7:01 | Build | Mining Camp |
| 7:12 | Create | Villager (Male) |
| 7:41 | Create | Villager (Male) |
| 7:41 | Create | Villager (Male) |
| 7:58 | Create | Villager (Male) |
| 7:58 | Create | Villager (Male) |
| 7:59 | Create | Villager (Male) |
| 8:37 | Create | Villager (Male) |
| 8:44 | Build | Outpost |
| 9:15 | Build | House |
| 9:48 | Create | Villager (Male) |
| 10:25 | Research | Feudal Age |
| 10:59 | Build | Mining Camp |
| 11:29 | Create | Villager (Male) |
| 12:35 | Age | Feudal Age |
| 12:39 | Build | Stone Wall |
| 12:47 | Build | Market |
| 12:53 | Build | Blacksmith |
| 12:58 | Create | Villager (Male) |
| 13:04 | Build | Stone Wall |
| 13:25 | Create | Villager (Male) |
| 13:51 | Research | Castle Age |
| 14:34 | Build | House |
| 14:35 | Build | House |
| 14:47 | Build | Lumber Camp |
| 14:59 | Research | Double-Bit Axe |
| 15:02 | Research | Horse Collar |
| 15:19 | Create | Villager (Male) |
| 16:31 | Age | Castle Age |
| 16:34 | Build | Town Center |
| 16:42 | Build | Town Center |
| 16:43 | Create | Villager (Male) |
| 16:59 | Build | House |
| 17:00 | Build | House |
| 17:01 | Build | House |
| 17:13 | Build | Farm |
| 17:21 | Build | Farm |
| 17:26 | Build | Farm |
| 17:28 | Create | Villager (Male) |
| 17:40 | Build | Farm |
| 17:41 | Create | Villager (Male) |
| 18:05 | Build | Farm |
| 18:06 | Create | Villager (Male) |
| 18:21 | Build | Farm |
| 18:27 | Build | Farm |
| 18:44 | Build | Farm |
| 18:49 | Create | Villager (Male) |
| 18:52 | Create | Villager (Male) |
| 19:03 | Build | Farm |
| 19:04 | Build | Farm |
| 19:07 | Create | Villager (Male) |
| 19:14 | Build | Farm |
| 19:15 | Create | Villager (Male) |
| 19:23 | Build | Farm |
| 19:28 | Create | Villager (Male) |
| 19:28 | Create | Villager (Male) |
| 19:28 | Create | Villager (Male) |
| 19:40 | Build | Castle |
| 20:00 | Build | Monastery |
| 20:02 | Create | Villager (Male) |
| 20:02 | Create | Villager (Male) |
| 20:02 | Create | Villager (Male) |
| 20:03 | Create | Villager (Male) |
| 20:03 | Create | Villager (Male) |
| 20:03 | Create | Villager (Male) |
| 20:10 | Build | Farm |
| 20:21 | Create | Villager (Male) |
| 20:21 | Create | Villager (Male) |
| 20:22 | Create | Villager (Male) |
| 20:32 | Build | House |
| 20:33 | Build | House |
| 20:34 | Build | House |
| 20:53 | Create | Monk |
| 21:03 | Create | Villager (Male) |
| 21:04 | Create | Villager (Male) |
| 21:04 | Create | Villager (Male) |
| 21:04 | Create | Villager (Male) |
| 21:05 | Create | Villager (Male) |
| 21:05 | Create | Villager (Male) |
| 21:30 | Build | Town Center |
| 21:31 | Create | Villager (Male) |
| 21:32 | Create | Villager (Male) |
| 21:32 | Create | Villager (Male) |
| 21:32 | Create | Villager (Male) |
| 21:32 | Create | Villager (Male) |
| 21:44 | Build | House |
| 21:46 | Build | House |
| 21:47 | Build | House |
| 21:49 | Build | House |
| 21:50 | Build | House |
| 22:00 | Build | Farm |
| 22:01 | Build | Farm |
| 22:02 | Create | Villager (Male) |
| 22:03 | Create | Villager (Male) |
| 22:03 | Create | Villager (Male) |
| 22:03 | Create | Villager (Male) |
| 22:09 | Build | House |
| 22:10 | Build | House |
| 22:28 | Research | Fervor |
| 22:32 | Create | Villager (Male) |
| 22:32 | Create | Villager (Male) |
| 22:33 | Create | Villager (Male) |
| 22:33 | Create | Villager (Male) |
| 22:34 | Create | Villager (Male) |
| 22:42 | Build | Farm |
| 22:43 | Build | Farm |
| 22:45 | Build | Farm |
| 22:51 | Build | Farm |
| 23:03 | Create | Villager (Male) |
| 23:03 | Create | Villager (Male) |
| 23:03 | Create | Villager (Male) |
| 23:04 | Create | Villager (Male) |
| 23:11 | Build | Farm |
| 23:20 | Build | Siege Workshop |
| 23:22 | Create | Villager (Male) |
Build order — azal873
First 150 of 396 actions detected
| 0:03 | Build | House |
| 0:06 | Build | House |
| 0:08 | Build | House |
| 0:09 | Create | Villager (Male) |
| 0:09 | Create | Villager (Male) |
| 0:09 | Create | Villager (Male) |
| 0:10 | Create | Villager (Male) |
| 0:10 | Create | Villager (Male) |
| 1:41 | Create | Villager (Male) |
| 1:41 | Create | Villager (Male) |
| 2:10 | Create | Villager (Male) |
| 2:11 | Create | Villager (Male) |
| 3:09 | Create | Villager (Male) |
| 3:10 | Create | Villager (Male) |
| 3:10 | Create | Villager (Male) |
| 3:38 | Create | Villager (Male) |
| 3:38 | Create | Villager (Male) |
| 4:05 | Create | Villager (Male) |
| 4:05 | Create | Villager (Male) |
| 4:24 | Build | House |
| 4:27 | Build | House |
| 4:36 | Build | Palisade Wall |
| 4:46 | Build | Palisade Wall |
| 4:53 | Create | Villager (Male) |
| 5:27 | Create | Villager (Male) |
| 5:47 | Build | Mill |
| 5:51 | Create | Villager (Male) |
| 6:18 | Create | Villager (Male) |
| 6:31 | Build | Palisade Wall |
| 6:42 | Build | Building 800 |
| 6:53 | Build | Outpost |
| 6:56 | Build | Outpost |
| 7:08 | Create | Villager (Male) |
| 7:20 | Build | Lumber Camp |
| 7:48 | Create | Villager (Male) |
| 8:22 | Create | Villager (Male) |
| 8:53 | Research | Feudal Age |
| 8:54 | Research | Loom |
| 9:36 | Build | House |
| 9:43 | Build | Palisade Wall |
| 9:47 | Build | Palisade Wall |
| 10:03 | Build | House |
| 10:17 | Build | House |
| 10:21 | Build | Palisade Wall |
| 10:44 | Build | Mill |
| 11:03 | Age | Feudal Age |
| 11:04 | Research | Double-Bit Axe |
| 11:19 | Create | Villager (Male) |
| 12:10 | Build | Mining Camp |
| 12:12 | Create | Villager (Male) |
| 12:46 | Build | Mining Camp |
| 12:47 | Create | Villager (Male) |
| 13:14 | Create | Villager (Male) |
| 13:20 | Build | Blacksmith |
| 13:26 | Build | Market |
| 13:40 | Create | Villager (Male) |
| 13:42 | Create | Villager (Male) |
| 14:49 | Research | Castle Age |
| 14:49 | Research | Castle Age |
| 15:56 | Build | Lumber Camp |
| 16:16 | Research | Gold Mining |
| 16:17 | Research | Stone Mining |
| 17:29 | Age | Castle Age |
| 17:35 | Build | Town Center |
| 17:50 | Build | Town Center |
| 17:56 | Create | Villager (Male) |
| 18:01 | Create | Villager (Male) |
| 18:04 | Research | Bow Saw |
| 18:26 | Build | Farm |
| 18:27 | Create | Villager (Male) |
| 18:32 | Create | Villager (Male) |
| 18:41 | Build | Farm |
| 18:46 | Build | Farm |
| 18:55 | Create | Villager (Male) |
| 18:57 | Build | Farm |
| 18:58 | Create | Villager (Male) |
| 19:12 | Create | Villager (Male) |
| 19:25 | Build | Farm |
| 19:31 | Create | Villager (Male) |
| 19:32 | Create | Villager (Male) |
| 19:39 | Build | Farm |
| 19:44 | Build | Farm |
| 19:50 | Build | Farm |
| 19:52 | Create | Villager (Male) |
| 19:54 | Create | Villager (Male) |
| 20:02 | Create | Villager (Male) |
| 20:19 | Create | Villager (Male) |
| 20:22 | Build | Farm |
| 20:27 | Create | Villager (Male) |
| 20:34 | Build | Lumber Camp |
| 20:45 | Create | Villager (Male) |
| 20:51 | Build | Farm |
| 21:03 | Build | Castle |
| 21:09 | Create | Villager (Male) |
| 21:14 | Build | Farm |
| 21:23 | Create | Villager (Male) |
| 21:29 | Research | Fletching |
| 21:40 | Create | Villager (Male) |
| 21:49 | Create | Villager (Male) |
| 21:52 | Create | Villager (Male) |
| 21:59 | Build | Farm |
| 22:04 | Build | Lumber Camp |
| 22:13 | Build | Farm |
| 22:15 | Create | Villager (Male) |
| 22:31 | Build | University |
| 22:37 | Create | Villager (Male) |
| 22:43 | Create | Villager (Male) |
| 22:48 | Build | Farm |
| 23:04 | Create | Villager (Male) |
| 23:13 | Research | Gold Mining |
| 23:18 | Research | Stone Mining |
| 23:27 | Build | Farm |
| 23:29 | Create | Villager (Male) |
| 23:42 | Build | Farm |
| 23:47 | Build | Farm |
| 23:48 | Research | Horse Collar |
| 23:58 | Create | Villager (Male) |
| 24:01 | Create | Villager (Male) |
| 24:04 | Create | Villager (Male) |
| 24:07 | Build | Farm |
| 24:27 | Research | Ballistics |
| 24:28 | Research | Murder Holes |
| 24:32 | Research | Treadmill Crane |
| 24:45 | Build | Farm |
| 24:46 | Create | Villager (Male) |
| 24:48 | Create | Villager (Male) |
| 24:52 | Create | Villager (Male) |
| 25:13 | Create | Villager (Male) |
| 25:23 | Build | Farm |
| 25:25 | Create | Villager (Male) |
| 25:37 | Research | Heavy Plow |
| 25:57 | Create | Villager (Male) |
| 25:59 | Create | Villager (Male) |
| 26:06 | Build | Farm |
| 26:10 | Create | Villager (Male) |
| 26:17 | Create | Villager (Male) |
| 26:22 | Build | Mining Camp |
| 26:26 | Create | Villager (Male) |
| 26:27 | Create | Villager (Male) |
| 26:30 | Create | Villager (Male) |
| 26:33 | Build | Farm |
| 26:46 | Build | Castle |
| 26:53 | Create | Villager (Male) |
| 26:57 | Build | Farm |
| 27:10 | Build | Farm |
| 27:12 | Create | Villager (Male) |
| 27:13 | Create | Villager (Male) |
| 27:29 | Research | Bodkin Arrow |
| 27:44 | Research | Imperial Age |
| 27:53 | Build | Farm |
Build order — 涛哥
First 150 of 565 actions detected
| 0:04 | Research | Loom |
| 0:04 | Create | Villager (Male) |
| 0:05 | Create | Villager (Male) |
| 0:06 | Build | House |
| 0:07 | Build | House |
| 0:07 | Create | Villager (Male) |
| 0:08 | Create | Villager (Male) |
| 0:08 | Create | Villager (Male) |
| 1:13 | Build | Palisade Wall |
| 2:36 | Create | Villager (Male) |
| 2:37 | Create | Villager (Male) |
| 3:40 | Create | Villager (Male) |
| 3:41 | Create | Villager (Male) |
| 4:18 | Create | Villager (Male) |
| 4:18 | Create | Villager (Male) |
| 4:18 | Create | Villager (Male) |
| 4:37 | Build | Lumber Camp |
| 4:39 | Create | Villager (Male) |
| 4:39 | Create | Villager (Male) |
| 4:51 | Create | Villager (Male) |
| 4:51 | Create | Villager (Male) |
| 4:51 | Create | Villager (Male) |
| 5:02 | Create | Villager (Male) |
| 5:02 | Create | Villager (Male) |
| 5:02 | Create | Villager (Male) |
| 5:36 | Create | Villager (Male) |
| 5:37 | Create | Villager (Male) |
| 5:44 | Build | House |
| 5:53 | Create | Villager (Male) |
| 6:27 | Create | Villager (Male) |
| 6:31 | Build | House |
| 6:51 | Create | Villager (Male) |
| 6:51 | Create | Villager (Male) |
| 6:52 | Create | Villager (Male) |
| 7:07 | Create | Villager (Male) |
| 7:07 | Create | Villager (Male) |
| 7:23 | Build | House |
| 7:32 | Create | Villager (Male) |
| 7:32 | Create | Villager (Male) |
| 7:32 | Create | Villager (Male) |
| 8:11 | Build | House |
| 8:13 | Build | House |
| 8:15 | Build | House |
| 8:21 | Build | Mill |
| 9:17 | Create | Villager (Male) |
| 9:17 | Create | Villager (Male) |
| 9:48 | Create | Villager (Male) |
| 9:49 | Create | Villager (Male) |
| 9:53 | Create | Villager (Male) |
| 10:03 | Create | Villager (Male) |
| 10:09 | Build | Mining Camp |
| 10:12 | Create | Villager (Male) |
| 10:53 | Build | Mill |
| 11:01 | Build | Mining Camp |
| 11:25 | Create | Villager (Male) |
| 11:29 | Research | Feudal Age |
| 11:57 | Build | Farm |
| 12:05 | Build | Farm |
| 12:37 | Build | Farm |
| 12:38 | Create | Villager (Male) |
| 12:38 | Create | Villager (Male) |
| 14:39 | Age | Feudal Age |
| 14:43 | Build | Market |
| 14:47 | Build | Blacksmith |
| 14:54 | Build | Stone Wall |
| 14:59 | Build | Building 665 |
| 15:28 | Create | Villager (Male) |
| 15:32 | Build | Farm |
| 15:38 | Research | Castle Age |
| 15:57 | Build | Farm |
| 16:00 | Research | Double-Bit Axe |
| 17:08 | Research | Horse Collar |
| 17:48 | Build | House |
| 17:50 | Build | House |
| 17:52 | Build | House |
| 18:06 | Research | Fletching |
| 18:06 | Research | Padded Archer Armor |
| 18:10 | Create | Villager (Male) |
| 18:11 | Create | Villager (Male) |
| 18:34 | Age | Castle Age |
| 18:40 | Build | Town Center |
| 18:49 | Build | Town Center |
| 18:55 | Create | Villager (Male) |
| 18:55 | Create | Villager (Male) |
| 19:08 | Build | Farm |
| 19:23 | Build | Siege Workshop |
| 19:42 | Create | Villager (Male) |
| 19:42 | Create | Villager (Male) |
| 19:43 | Create | Villager (Male) |
| 19:54 | Build | Farm |
| 20:23 | Build | Farm |
| 20:26 | Create | Villager (Male) |
| 20:26 | Create | Villager (Male) |
| 20:27 | Create | Villager (Male) |
| 20:27 | Create | Villager (Male) |
| 20:27 | Create | Villager (Male) |
| 20:28 | Create | Villager (Male) |
| 20:28 | Create | Villager (Male) |
| 20:29 | Create | Villager (Male) |
| 20:29 | Create | Villager (Male) |
| 20:31 | Create | Villager (Male) |
| 20:31 | Create | Villager (Male) |
| 20:52 | Build | Town Center |
| 20:57 | Build | Farm |
| 21:01 | Create | Villager (Male) |
| 21:14 | Build | House |
| 21:15 | Build | House |
| 21:17 | Build | House |
| 21:40 | Build | Mill |
| 21:42 | Create | Villager (Male) |
| 21:43 | Create | Villager (Male) |
| 21:45 | Create | Villager (Male) |
| 21:45 | Create | Villager (Male) |
| 21:56 | Create | Mangonel |
| 21:56 | Create | Mangonel |
| 21:56 | Create | Mangonel |
| 21:57 | Create | Mangonel |
| 22:18 | Build | Farm |
| 22:19 | Build | Farm |
| 22:23 | Create | Villager (Male) |
| 22:23 | Create | Villager (Male) |
| 22:23 | Create | Villager (Male) |
| 22:47 | Create | Villager (Male) |
| 22:48 | Create | Villager (Male) |
| 22:50 | Create | Villager (Male) |
| 22:50 | Create | Villager (Male) |
| 22:51 | Build | Farm |
| 23:17 | Build | House |
| 23:20 | Build | House |
| 23:28 | Build | Farm |
| 23:32 | Build | Farm |
| 23:34 | Build | Farm |
| 23:41 | Research | Heavy Plow |
| 23:41 | Research | Heavy Plow |
| 23:42 | Create | Villager (Male) |
| 23:42 | Create | Villager (Male) |
| 23:51 | Build | Farm |
| 23:53 | Build | Farm |
| 23:54 | Create | Villager (Male) |
| 23:58 | Build | Farm |
| 24:26 | Build | House |
| 24:31 | Build | Farm |
| 24:39 | Build | Barracks |
| 24:46 | Build | Farm |
| 24:49 | Build | Farm |
| 24:50 | Create | Villager (Male) |
| 24:50 | Create | Villager (Male) |
| 24:55 | Create | Villager (Male) |
| 24:57 | Create | Villager (Male) |
| 25:17 | Build | Farm |
Build order — 吉北豪
First 150 of 426 actions detected
| 0:03 | Build | House |
| 0:05 | Build | House |
| 0:06 | Build | House |
| 0:07 | Create | Villager (Male) |
| 0:07 | Create | Villager (Male) |
| 0:07 | Create | Villager (Male) |
| 0:07 | Create | Villager (Male) |
| 0:08 | Create | Villager (Male) |
| 1:23 | Research | Loom |
| 2:10 | Create | Villager (Male) |
| 2:34 | Create | Villager (Male) |
| 3:02 | Create | Villager (Male) |
| 3:30 | Create | Villager (Male) |
| 3:53 | Build | Palisade Wall |
| 4:06 | Create | Villager (Male) |
| 4:06 | Create | Villager (Male) |
| 4:06 | Create | Villager (Male) |
| 4:22 | Build | Palisade Wall |
| 4:56 | Create | Villager (Male) |
| 5:28 | Create | Villager (Male) |
| 5:28 | Create | Villager (Male) |
| 5:28 | Create | Villager (Male) |
| 5:29 | Create | Villager (Male) |
| 5:46 | Create | Villager (Male) |
| 6:07 | Build | House |
| 6:40 | Build | House |
| 7:00 | Create | Villager (Male) |
| 7:30 | Create | Villager (Male) |
| 7:31 | Create | Villager (Male) |
| 7:43 | Create | Villager (Male) |
| 7:53 | Build | Mill |
| 8:10 | Build | Lumber Camp |
| 8:22 | Create | Villager (Male) |
| 8:52 | Build | Mill |
| 8:58 | Create | Villager (Male) |
| 9:28 | Create | Villager (Male) |
| 9:59 | Create | Villager (Male) |
| 10:04 | Create | Villager (Male) |
| 10:45 | Create | Villager (Male) |
| 10:45 | Create | Villager (Male) |
| 11:21 | Create | Villager (Male) |
| 11:50 | Build | Mining Camp |
| 11:52 | Create | Villager (Male) |
| 12:15 | Build | House |
| 12:33 | Research | Feudal Age |
| 13:32 | Build | Mill |
| 14:13 | Build | House |
| 14:43 | Age | Feudal Age |
| 14:52 | Build | Stone Wall |
| 14:56 | Create | Villager (Male) |
| 14:56 | Create | Villager (Male) |
| 15:11 | Build | Blacksmith |
| 15:14 | Build | Market |
| 15:31 | Build | Blacksmith |
| 15:34 | Build | Market |
| 15:46 | Create | Villager (Male) |
| 16:10 | Create | Villager (Male) |
| 16:25 | Research | Castle Age |
| 16:32 | Build | Mining Camp |
| 16:43 | Research | Horse Collar |
| 16:48 | Build | Farm |
| 16:49 | Build | Farm |
| 16:49 | Build | Farm |
| 16:50 | Build | Farm |
| 17:01 | Research | Double-Bit Axe |
| 17:11 | Build | Stone Wall |
| 17:35 | Research | Gold Mining |
| 17:38 | Research | Stone Mining |
| 17:58 | Build | Lumber Camp |
| 18:30 | Build | Farm |
| 18:30 | Build | Farm |
| 18:31 | Build | Farm |
| 18:31 | Build | Farm |
| 18:31 | Build | Farm |
| 18:46 | Build | Farm |
| 18:53 | Build | Farm |
| 19:16 | Age | Castle Age |
| 19:21 | Research | Wheelbarrow |
| 19:24 | Create | Villager (Male) |
| 19:48 | Build | Town Center |
| 20:02 | Research | Bow Saw |
| 20:06 | Create | Villager (Male) |
| 20:06 | Create | Villager (Male) |
| 20:23 | Create | Villager (Male) |
| 20:48 | Build | Stone Wall |
| 20:54 | Build | Stone Wall |
| 21:06 | Create | Villager (Male) |
| 21:07 | Create | Villager (Male) |
| 21:07 | Create | Villager (Male) |
| 21:10 | Create | Villager (Male) |
| 21:23 | Create | Villager (Male) |
| 21:56 | Build | Town Center |
| 22:05 | Create | Villager (Male) |
| 22:09 | Create | Villager (Male) |
| 22:31 | Research | Town Watch |
| 22:34 | Create | Villager (Male) |
| 22:55 | Build | House |
| 23:05 | Create | Villager (Male) |
| 23:08 | Research | Wheelbarrow |
| 23:26 | Build | University |
| 23:39 | Build | Barracks |
| 23:46 | Create | Villager (Male) |
| 23:48 | Create | Villager (Male) |
| 23:51 | Create | Villager (Male) |
| 24:32 | Build | Archery Range |
| 24:42 | Create | Villager (Male) |
| 24:42 | Create | Villager (Male) |
| 24:42 | Create | Villager (Male) |
| 24:54 | Build | Archery Range |
| 25:13 | Build | University |
| 25:17 | Create | Villager (Male) |
| 25:18 | Create | Villager (Male) |
| 25:18 | Create | Villager (Male) |
| 25:23 | Build | Farm |
| 25:29 | Create | Villager (Male) |
| 25:30 | Create | Villager (Male) |
| 25:30 | Create | Villager (Male) |
| 25:43 | Build | Monastery |
| 25:50 | Build | Farm |
| 25:50 | Build | Farm |
| 25:51 | Build | Farm |
| 25:53 | Build | Farm |
| 26:04 | Research | Fortified Wall (upgrade) |
| 26:14 | Build | Castle |
| 26:18 | Create | Monk |
| 26:25 | Create | Villager (Male) |
| 26:26 | Create | Villager (Male) |
| 26:26 | Create | Villager (Male) |
| 26:42 | Build | House |
| 26:43 | Build | House |
| 26:45 | Build | House |
| 26:46 | Build | House |
| 26:57 | Create | Villager (Male) |
| 26:57 | Create | Villager (Male) |
| 26:57 | Create | Villager (Male) |
| 27:35 | Create | Villager (Male) |
| 27:35 | Create | Villager (Male) |
| 27:36 | Create | Villager (Male) |
| 27:42 | Build | House |
| 27:43 | Build | House |
| 27:44 | Build | House |
| 27:46 | Build | House |
| 27:47 | Build | House |
| 27:47 | Build | House |
| 27:48 | Build | House |
| 28:04 | Research | Elite Skirmisher (upgrade) |
| 28:18 | Build | Mill |
| 28:30 | Build | Farm |
| 28:34 | Create | Villager (Male) |
| 28:34 | Create | Villager (Male) |
Build order — Ю菜刀 —
First 150 of 1001 actions detected
| 0:08 | Create | Villager (Male) |
| 0:08 | Create | Villager (Male) |
| 0:09 | Create | Villager (Male) |
| 0:09 | Create | Villager (Male) |
| 0:10 | Build | House |
| 0:12 | Build | House |
| 0:44 | Research | Loom |
| 1:51 | Create | Villager (Male) |
| 1:51 | Create | Villager (Male) |
| 2:07 | Create | Villager (Male) |
| 2:07 | Create | Villager (Male) |
| 2:52 | Create | Villager (Male) |
| 2:52 | Create | Villager (Male) |
| 2:52 | Create | Villager (Male) |
| 3:39 | Build | House |
| 3:42 | Build | House |
| 4:18 | Create | Villager (Male) |
| 4:18 | Create | Villager (Male) |
| 4:18 | Create | Villager (Male) |
| 4:19 | Create | Villager (Male) |
| 4:20 | Create | Villager (Male) |
| 4:35 | Build | Lumber Camp |
| 5:17 | Create | Villager (Male) |
| 5:18 | Create | Villager (Male) |
| 5:19 | Create | Villager (Male) |
| 5:19 | Create | Villager (Male) |
| 5:57 | Build | House |
| 6:58 | Create | Villager (Male) |
| 6:59 | Create | Villager (Male) |
| 6:59 | Create | Villager (Male) |
| 7:40 | Create | Villager (Male) |
| 7:40 | Create | Villager (Male) |
| 7:42 | Create | Villager (Male) |
| 7:56 | Build | Mining Camp |
| 8:51 | Build | Mill |
| 9:10 | Create | Villager (Male) |
| 9:26 | Research | Feudal Age |
| 10:47 | Build | Mill |
| 11:53 | Age | Feudal Age |
| 12:06 | Build | Market |
| 12:09 | Build | Blacksmith |
| 12:13 | Research | Double-Bit Axe |
| 12:17 | Research | Horse Collar |
| 12:23 | Create | Villager (Male) |
| 12:23 | Create | Villager (Male) |
| 12:51 | Build | Farm |
| 12:55 | Build | Farm |
| 13:13 | Create | Villager (Male) |
| 13:14 | Create | Villager (Male) |
| 13:38 | Research | Castle Age |
| 13:45 | Build | Farm |
| 14:20 | Build | Dock |
| 15:00 | Build | House |
| 15:03 | Research | Wheelbarrow |
| 15:03 | Research | Wheelbarrow |
| 15:04 | Create | Villager (Male) |
| 15:04 | Create | Villager (Male) |
| 15:40 | Build | Lumber Camp |
| 16:18 | Age | Castle Age |
| 16:30 | Build | Town Center |
| 16:34 | Research | Bow Saw |
| 16:37 | Research | Heavy Plow |
| 17:04 | Build | Town Center |
| 17:13 | Create | Villager (Male) |
| 17:14 | Create | Villager (Male) |
| 17:19 | Create | Fishing Ship |
| 17:28 | Create | Villager (Male) |
| 17:28 | Create | Villager (Male) |
| 17:29 | Create | Villager (Male) |
| 17:57 | Build | Farm |
| 17:58 | Build | Farm |
| 17:59 | Build | Farm |
| 18:03 | Build | Farm |
| 18:20 | Build | House |
| 18:20 | Build | House |
| 18:22 | Build | House |
| 18:23 | Create | Villager (Male) |
| 18:24 | Create | Villager (Male) |
| 18:35 | Create | Fishing Ship |
| 18:43 | Create | Villager (Male) |
| 18:43 | Create | Villager (Male) |
| 18:48 | Create | Villager (Male) |
| 18:48 | Create | Villager (Male) |
| 18:55 | Create | Villager (Male) |
| 18:57 | Create | Villager (Male) |
| 19:44 | Build | Town Center |
| 19:46 | Create | Villager (Male) |
| 19:48 | Create | Villager (Male) |
| 19:48 | Create | Villager (Male) |
| 19:48 | Create | Villager (Male) |
| 19:54 | Build | Farm |
| 19:55 | Build | Farm |
| 20:00 | Build | House |
| 20:00 | Build | House |
| 20:01 | Build | House |
| 20:03 | Create | Villager (Male) |
| 20:04 | Create | Villager (Male) |
| 20:04 | Create | Villager (Male) |
| 20:04 | Create | Villager (Male) |
| 20:10 | Create | Fishing Ship |
| 20:15 | Build | Farm |
| 20:15 | Build | Farm |
| 20:17 | Create | Villager (Male) |
| 20:17 | Create | Villager (Male) |
| 20:26 | Create | Villager (Male) |
| 20:26 | Create | Villager (Male) |
| 20:47 | Create | Villager (Male) |
| 20:51 | Build | Farm |
| 20:52 | Build | Farm |
| 20:53 | Build | Farm |
| 20:55 | Build | Farm |
| 21:08 | Create | Villager (Male) |
| 21:08 | Create | Villager (Male) |
| 21:11 | Build | Farm |
| 21:12 | Build | Farm |
| 21:13 | Build | Farm |
| 21:19 | Create | Villager (Male) |
| 21:20 | Create | Villager (Male) |
| 21:20 | Create | Villager (Male) |
| 21:20 | Create | Villager (Male) |
| 21:20 | Create | Villager (Male) |
| 21:26 | Build | House |
| 21:26 | Build | House |
| 21:30 | Create | Villager (Male) |
| 21:31 | Create | Villager (Male) |
| 21:37 | Create | Villager (Male) |
| 21:40 | Build | Farm |
| 21:41 | Build | Farm |
| 22:02 | Build | Monastery |
| 22:04 | Create | Villager (Male) |
| 22:04 | Create | Villager (Male) |
| 22:04 | Create | Villager (Male) |
| 22:05 | Create | Villager (Male) |
| 22:05 | Create | Villager (Male) |
| 22:05 | Create | Villager (Male) |
| 22:05 | Create | Villager (Male) |
| 22:17 | Build | Farm |
| 22:17 | Build | Farm |
| 22:25 | Build | Farm |
| 22:26 | Build | Farm |
| 22:28 | Create | Villager (Male) |
| 22:28 | Create | Villager (Male) |
| 22:28 | Create | Villager (Male) |
| 22:29 | Create | Villager (Male) |
| 22:29 | Create | Villager (Male) |
| 22:35 | Create | Fishing Ship |
| 22:38 | Build | House |
| 22:38 | Build | House |
| 22:38 | Build | House |
| 22:39 | Build | House |
Build order — Haos
First 150 of 505 actions detected
| 0:02 | Create | Villager (Male) ×4 |
| 0:02 | Create | Villager (Male) ×4 |
| 0:04 | Build | House |
| 0:05 | Build | House |
| 1:29 | Create | Villager (Male) |
| 1:29 | Create | Villager (Male) |
| 2:01 | Create | Villager (Male) |
| 2:01 | Create | Villager (Male) |
| 2:37 | Create | Villager (Male) |
| 2:37 | Create | Villager (Male) |
| 2:42 | Create | Villager (Male) |
| 2:43 | Create | Villager (Male) |
| 2:55 | Create | Villager (Male) |
| 2:55 | Create | Villager (Male) |
| 3:23 | Create | Villager (Male) |
| 3:31 | Build | House |
| 3:34 | Build | Lumber Camp |
| 3:46 | Create | Villager (Male) |
| 3:46 | Create | Villager (Male) |
| 3:58 | Create | Villager (Male) |
| 3:59 | Create | Villager (Male) |
| 4:25 | Create | Villager (Male) ×2 |
| 4:26 | Create | Villager (Male) ×2 |
| 5:06 | Create | Villager (Male) |
| 5:07 | Create | Villager (Male) |
| 5:19 | Create | Villager (Male) |
| 6:00 | Create | Villager (Male) ×3 |
| 6:04 | Build | House |
| 6:53 | Build | Mining Camp |
| 7:21 | Research | Loom |
| 7:24 | Create | Villager (Male) |
| 7:52 | Build | House |
| 8:09 | Create | Villager (Male) |
| 8:41 | Create | Villager (Male) |
| 8:54 | Create | Villager (Male) |
| 9:20 | Build | Mill |
| 9:44 | Create | Villager (Male) |
| 9:56 | Research | Feudal Age |
| 11:00 | Build | House |
| 11:10 | Build | Mill |
| 11:59 | Create | Villager (Male) |
| 11:59 | Create | Villager (Male) |
| 12:19 | Age | Feudal Age |
| 12:29 | Build | Blacksmith |
| 12:35 | Build | Market |
| 13:05 | Create | Villager (Male) |
| 13:37 | Build | Farm |
| 13:43 | Research | Castle Age |
| 13:51 | Research | Horse Collar |
| 14:24 | Research | Double-Bit Axe |
| 14:25 | Research | Double-Bit Axe |
| 14:39 | Build | Farm |
| 15:37 | Build | House |
| 15:53 | Research | Gold Mining |
| 15:53 | Research | Stone Mining |
| 16:23 | Age | Castle Age |
| 16:24 | Research | Heavy Plow |
| 16:24 | Research | Bow Saw |
| 16:26 | Create | Villager (Male) ×2 |
| 16:47 | Build | Town Center |
| 17:03 | Build | Town Center |
| 17:08 | Build | Farm |
| 17:10 | Create | Villager (Male) |
| 17:23 | Build | Farm |
| 17:25 | Build | Farm |
| 17:26 | Build | Farm |
| 17:26 | Build | Farm |
| 17:33 | Build | Farm |
| 17:38 | Build | Farm |
| 17:42 | Build | Farm |
| 17:47 | Build | Farm |
| 17:47 | Create | Villager (Male) |
| 17:48 | Create | Villager (Male) |
| 17:48 | Create | Villager (Male) |
| 18:04 | Create | Villager (Male) |
| 18:05 | Create | Villager (Male) |
| 18:09 | Create | Villager (Male) |
| 18:09 | Create | Villager (Male) |
| 18:25 | Build | Monastery |
| 18:30 | Create | Villager (Male) |
| 18:33 | Build | Farm |
| 18:36 | Create | Villager (Male) |
| 18:36 | Create | Villager (Male) |
| 18:52 | Create | Villager (Male) |
| 19:00 | Build | Farm |
| 19:06 | Create | Villager (Male) |
| 19:06 | Create | Villager (Male) |
| 19:09 | Build | Farm |
| 19:18 | Create | Villager (Male) |
| 19:19 | Create | Villager (Male) |
| 19:26 | Build | Farm |
| 19:31 | Create | Villager (Male) |
| 19:37 | Build | Farm |
| 19:50 | Create | Villager (Male) |
| 19:54 | Create | Villager (Male) |
| 20:00 | Create | Villager (Male) |
| 20:00 | Create | Villager (Male) |
| 20:09 | Build | Farm |
| 20:12 | Build | Farm |
| 20:16 | Create | Villager (Male) |
| 20:17 | Create | Villager (Male) |
| 20:24 | Build | Town Center |
| 20:31 | Build | Town Center |
| 20:35 | Build | Farm |
| 20:37 | Build | Farm |
| 20:40 | Create | Villager (Male) ×3 |
| 20:40 | Create | Villager (Male) ×3 |
| 20:45 | Create | Villager (Male) |
| 20:45 | Create | Villager (Male) |
| 20:55 | Build | House |
| 20:56 | Build | House |
| 20:56 | Build | House |
| 20:56 | Build | House |
| 20:57 | Build | House |
| 21:07 | Build | Farm |
| 21:09 | Create | Villager (Male) |
| 21:12 | Create | Villager (Male) |
| 21:12 | Create | Villager (Male) |
| 21:15 | Build | Farm |
| 21:16 | Build | Farm |
| 21:22 | Create | Villager (Male) |
| 21:22 | Create | Villager (Male) |
| 21:25 | Create | Villager (Male) |
| 21:25 | Create | Villager (Male) |
| 21:32 | Build | Siege Workshop |
| 21:38 | Create | Villager (Male) ×2 |
| 21:38 | Create | Villager (Male) ×2 |
| 21:49 | Create | Villager (Male) |
| 21:49 | Create | Villager (Male) |
| 22:00 | Create | Villager (Male) |
| 22:00 | Create | Villager (Male) |
| 22:01 | Create | Villager (Male) |
| 22:01 | Create | Villager (Male) |
| 22:04 | Build | Farm |
| 22:12 | Create | Villager (Male) ×2 |
| 22:12 | Create | Villager (Male) ×2 |
| 22:21 | Build | Farm |
| 22:28 | Create | Villager (Male) ×2 |
| 22:29 | Create | Villager (Male) ×2 |
| 22:32 | Build | Farm |
| 22:37 | Create | Villager (Male) |
| 22:44 | Create | Villager (Male) |
| 22:44 | Create | Villager (Male) |
| 22:49 | Create | Villager (Male) |
| 22:49 | Create | Villager (Male) |
| 22:52 | Build | Farm |
| 23:06 | Build | House |
| 23:07 | Build | House |
| 23:07 | Build | House |
| 23:07 | Build | House |
Match timeline
| 1:13 | 涛哥 · wall_segment Palisade Wall x10 |
| 1:24 | 转世 · wall_segment Palisade Wall x9 |
| 1:46 | 转世 · wall_segment Palisade Wall x7 |
| 3:53 | 吉北豪 · wall_segment Palisade Wall x2 |
| 4:22 | 吉北豪 · wall_segment Palisade Wall x11 |
| 4:36 | azal873 · wall_segment Palisade Wall x2 |
| 4:46 | azal873 · wall_segment Palisade Wall x7 |
| 6:31 | azal873 · wall_segment Palisade Wall x1 |
| 9:43 | azal873 · wall_segment Palisade Wall x1 |
| 9:47 | azal873 · wall_segment Palisade Wall x1 |
| 10:21 | azal873 · wall_segment Palisade Wall x1 |
| 11:03 | azal873 · age_up feudal |
| 11:27 | Zx0mB0Y · age_up feudal |
| 11:53 | Ю菜刀 — · age_up feudal |
| 12:03 | 602406569 · first_building Dock |
| 12:19 | Haos · age_up feudal |
| 12:35 | 转世 · age_up feudal |
| 12:39 | 转世 · wall_segment Stone Wall x9 |
| 13:04 | 转世 · wall_segment Stone Wall x9 |
| 14:20 | Ю菜刀 — · first_building Dock |
| 14:39 | 涛哥 · age_up feudal |
| 14:43 | 吉北豪 · age_up feudal |
| 14:52 | 吉北豪 · wall_segment Stone Wall x9 |
| 14:54 | 涛哥 · wall_segment Stone Wall x11 |
| 15:08 | 602406569 · age_up feudal |
| 15:24 | Zx0mB0Y · age_up castle |
| 16:11 | Zx0mB0Y · first_building Monastery |
| 16:17 | 602406569 · first_building Barracks |
| 16:18 | Ю菜刀 — · age_up castle |
| 16:23 | Haos · age_up castle |
| 16:31 | 转世 · age_up castle |
| 16:57 | Ю菜刀 — · first_market_buy 100 wood |
| 17:11 | 吉北豪 · wall_segment Stone Wall x14 |
| 17:29 | azal873 · age_up castle |
| 18:25 | Haos · first_building Monastery |
| 18:34 | 涛哥 · age_up castle |
| 18:38 | 吉北豪 · first_market_buy 100 wood |
| 19:07 | 602406569 · first_building Stable |
| 19:16 | 吉北豪 · age_up castle |
| 19:23 | 涛哥 · first_building Siege Workshop |
| 19:39 | Ю菜刀 — · first_market_sell 100 wood |
| 19:40 | 转世 · first_building Castle |
| 20:00 | 转世 · first_building Monastery |
| 20:00 | azal873 · first_market_buy 100 food |
| 20:27 | 602406569 · first_building Archery Range |
| 20:48 | 吉北豪 · wall_segment Stone Wall x9 |
| 20:54 | 吉北豪 · wall_segment Stone Wall x8 |
| 21:03 | azal873 · first_building Castle |
| 21:32 | Haos · first_building Siege Workshop |
| 21:39 | Zx0mB0Y · first_building Barracks |
| 22:02 | Ю菜刀 — · first_building Monastery |
| 22:06 | 602406569 · age_up castle |
| 23:20 | 转世 · first_building Siege Workshop |
| 23:39 | 吉北豪 · first_building Barracks |
| 24:06 | Haos · first_building Barracks |
| 24:32 | 吉北豪 · first_building Archery Range |
| 24:39 | 涛哥 · first_building Barracks |
| 25:04 | 602406569 · first_building Castle |
| 25:43 | 吉北豪 · first_building Monastery |
| 25:48 | azal873 · first_market_sell 100 wood |
| 25:58 | 转世 · first_building Barracks |
| 26:09 | 涛哥 · first_building Archery Range |
| 26:14 | 吉北豪 · first_building Castle |
| 26:29 | Haos · first_building Castle |
| 26:55 | Haos · first_market_buy 100 food |
| 26:56 | Zx0mB0Y · first_building Siege Workshop |
| 27:00 | 涛哥 · first_building Castle |
| 27:42 | 转世 · first_market_sell 100 stone |
| 27:44 | 转世 · first_market_buy 100 food |
| 28:07 | Zx0mB0Y · first_building Archery Range |
| 28:27 | Ю菜刀 — · first_building Barracks |
| 30:11 | Haos · age_up imperial |
| 30:32 | Zx0mB0Y · age_up imperial |
| 31:06 | Ю菜刀 — · first_building Siege Workshop |
| 31:11 | Ю菜刀 — · first_building Castle |
| 31:12 | azal873 · age_up imperial |
| 31:21 | 转世 · age_up imperial |
| 31:21 | 602406569 · age_up imperial |
| 31:26 | Ю菜刀 — · age_up imperial |
| 31:35 | Zx0mB0Y · first_market_sell 100 food |
| 32:18 | Ю菜刀 — · first_building Archery Range |
| 33:01 | 涛哥 · age_up imperial |
| 33:30 | 吉北豪 · age_up imperial |
| 33:58 | 吉北豪 · first_building Stable |
| 35:19 | Zx0mB0Y · first_building Castle |
| 36:32 | Ю菜刀 — · first_building Stable |
| 38:34 | azal873 · first_building Barracks |
| 40:14 | Zx0mB0Y · first_building Stable |
| 41:03 | 602406569 · wall_segment Stone Wall x14 |
| 43:50 | 602406569 · tribute_sent a jugador 2 |
| 43:50 | 602406569 · tribute_sent a jugador 3 |
| 43:50 | 602406569 · tribute_sent a jugador 4 |
| 43:50 | 602406569 · tribute_sent a jugador 5 |
| 43:50 | 602406569 · tribute_sent a jugador 6 |
| 43:50 | 602406569 · tribute_sent a jugador 7 |
| 43:50 | 602406569 · tribute_sent a jugador 8 |
| 47:24 | 602406569 · first_market_buy 100 stone |
| 47:36 | Ю菜刀 — · wall_segment Stone Wall x3 |
| 51:46 | Ю菜刀 — · wall_segment Stone Wall x7 |
| 52:55 | 吉北豪 · first_market_sell 100 food |
| 56:21 | Ю菜刀 — · wall_segment Stone Wall x5 |
| 56:22 | Ю菜刀 — · wall_segment Stone Wall x3 |
| 56:23 | Ю菜刀 — · wall_segment Stone Wall x4 |
| 56:40 | Ю菜刀 — · wall_segment Stone Wall x6 |
| 57:22 | Ю菜刀 — · wall_segment Stone Wall x6 |
| 57:45 | Ю菜刀 — · wall_segment Stone Wall x7 |
| 57:49 | Ю菜刀 — · wall_segment Stone Wall x8 |
| 58:21 | Haos · first_building Archery Range |
| 58:22 | 转世 · wall_segment Stone Wall x3 |
| 58:33 | 涛哥 · first_market_sell 100 wood |
| 58:42 | 涛哥 · first_market_buy 100 food |
| 59:44 | Ю菜刀 — · wall_segment Stone Wall x5 |
| 59:49 | Haos · first_market_sell 500 food |
| 59:52 | Ю菜刀 — · wall_segment Stone Wall x8 |
| 60:52 | Ю菜刀 — · wall_segment Stone Wall x4 |
| 66:23 | 转世 · resign |
[ AI ANALYSIS · 1 CREDIT ]
What really happened in this match?
Wolo.gg analyzes every decision: build order, eco, micro, common mistakes by bracket. Personalized analysis on WhatsApp or Discord in 30 seconds.
Civ guide
Turks
Perfil
Jugador #5678766